 Dungeon Crawl Stone Soup version 0.17.0-28-g6e173f8 (webtiles) character file.

83 4thArraOfDagon the Chopper (level 4, 0/60 HPs)
             Began as a Minotaur Berserker on Nov 24, 2015.
             Was a Believer of Trog.
             Slain by Edmund
             ... wielding a +2 flail of crushing
              (5 damage)
             ... on level 4 of the Dungeon.
             The game lasted 00:02:24 (319 turns).

4thArraOfDagon the Chopper (Minotaur Berserker)      Turns: 319, Time: 00:02:24

Health: 0/60       AC: 22    Str: 21    XL:     4   Next: 22%
Magic:  1/4        EV:  2    Int:  5    God:    Trog [**....]
Gold:   67         SH:  0    Dex: 10    Spells: 0 memorised, 3 levels left

rFire  . . .     SeeInvis .     a - +0 hand axe
rCold  . . .     Clarity  .     (armour currently unavailable)
rNeg   + + +     SustAt   .     (no shield)
rPois  +         Gourm    .     (helmet currently unavailable)
rElec  .         Spirit   .     (cloak currently unavailable)
rCorr  .         Warding  .     (gloves currently unavailable)
rMut   .         NoTele   +     (boots currently unavailable)
MR     ++...                    (no amulet)
Stlth  +.........               (no ring)
                                e - ring of teleportation

@: lethally poisoned (0 -> 0), exhausted, tree-form, regenerating, very
resistant to hostile enchantments, very unstealthy
A: (retaliatory headbutt), (horns 0)
a: Berserk, Trog's Hand, Burn Spellbooks, Renounce Religion, Evoke Teleportation


You were on level 4 of the Dungeon.
You worshipped Trog.
Trog was pleased with you.
You were not hungry.
You were a tree.
You visited 1 branch of the dungeon, and saw 4 of its levels.

You collected 67 gold pieces.

Inventory:

Hand Weapons
 a - a +0 hand axe (weapon)
Armour
 b - a +0 animal skin (melded)
 i - a +1 cloak (melded)
 j - a +0 pair of boots (melded)
Jewellery
 e - a ring of teleportation (left branch)
Scrolls
 d - a scroll of immolation
Potions
 h - 2 potions of brilliance
Comestibles
 c - 2 bread rations


   Skills:
 + Level 4.1 Fighting
 * Level 4.7 Axes
 + Level 2.9 Armour
 - Level 2.1 Dodging
 * Level 1.8 Evocations


You had 3 spell levels left.
You didn't know any spells.

Dungeon Overview and Level Annotations

Branches:
Dungeon (4/15)
 Temple: D:4-7

Altars:
Vehumet

Annotations:
D:4 Edmund


Innate Abilities, Weirdness & Mutations

((You reflexively headbutt those who attack you in melee.))
((You have a pair of horns on your head.))


Message History

You barely miss Edmund.
Edmund is moderately wounded.
You hit something. You hit the giant frog skeleton.
You destroy the giant frog skeleton!
You have reached level 4!
You feel agile.
You feel the effects of Trog's Hand fading.
You feel sick. Something hits you but does no damage.
Edmund grinds his teeth, and then sighs.
Edmund hits you but does no damage.
You hear some strange, mumbled words.
A puff of flame appears from out of thin air!
The puff of flame hits you!
Unknown command.
Unknown command.
You hit Edmund but do no damage.
Edmund is moderately wounded.
You closely miss something.
Edmund hits you with a flail of crushing.
You die...

........#
........#
........#
........#
........#
........#
......[[#
#.)♣# #.#@###
#..oo.#
#....##
#..#[.#
.!.......#
..#.........
. #..........
#.........#.#


You could see Edmund and 2 orcs.

Vanquished Creatures
  A giant frog skeleton (D:4)
  An orc wizard (D:4)
  6 orcs (D:4)
  5 bats
  2 goblins (D:1)
  2 hobgoblins
  A jackal (D:2)
  A kobold (D:1)
  2 quokkas
21 creatures vanquished.

Vanquished Creatures (others)
  A goblin (D:2)
1 creature vanquished.

Grand Total: 22 creatures vanquished

Notes
Turn   | Place    | Note
--------------------------------------------------------------
     0 | D:1      | 4thArraOfDagon the Minotaur Berserker began the quest for the Orb.
     0 | D:1      | Reached XP level 1. HP: 19/19 MP: 0/0
   180 | D:2      | Found a radiant altar of Vehumet.
   224 | D:2      | Reached XP level 2. HP: 25/27 MP: 1/1
   270 | D:3      | Reached skill level 1 in Evocations
   290 | D:3      | You fall through a shaft!
   290 | D:4      | Noticed Edmund
   301 | D:4      | Reached skill level 4 in Axes
   306 | D:4      | Reached ** piety under Trog
   309 | D:4      | Reached XP level 3. HP: 8/33 MP: 1/3
   318 | D:4      | Reached XP level 4. HP: 4/40 MP: 1/4
   319 | D:4      | Slain by Edmund

Action                   |  1- 3 |  4- 6 || total
-------------------------+-------+-------++-------
Melee: Hand axe          |    40 |     1 ||    41
Invok: Berserk           |     1 |       ||     1
       Trog's Hand       |     1 |       ||     1
  Use: Scroll            |     2 |       ||     2
       Potion            |     4 |       ||     4
 Stab: Sleeping          |     2 |       ||     2
